 Dungeon Crawl Stone Soup version 0.28.0-43-g3370ac3207 (webtiles) character file.

Game seed: 10887082367172980202

775 mortz the Conjurer (level 8, -3/54 HPs)
             Began as a Human Hedge Wizard on Mar 4, 2022.
             Slain by a troll (11 damage)
             ... on level 6 of the Dungeon.
             The game lasted 00:49:12 (9605 turns).

mortz the Conjurer (Human Hedge Wizard)             Turns: 9605, Time: 00:49:12

Health: -3/54      AC:  3    Str: 11    XL:     8   Next: 10%
Magic:  15/15      EV: 16    Int: 21    God:
Gold:   228        SH:  5    Dex: 13    Spells: 12/17 levels left

rFire   . . .      SeeInvis .   C - +0 dagger (venom) {short}
rCold   . . .      Faith    .   (no shield)
rNeg    . . .      Spirit   .   m - +0 leather armour
rPois   .          Reflect  +   c - +0 hat
rElec   .          Harm     .   (no cloak)
rCorr   .          Rampage  .   (no gloves)
Will    .....                   (no boots)
Stlth   +++.......              a - amulet "Ihatusm" {Reflect Int+5 SH+5 Stlth+}
HPRegen 0.18/turn               h - +4 ring of evasion
MPRegen 0.14/turn               y - +4 ring of slaying

@: no status effects
A: no striking features
a: no special abilities


You were on level 6 of the Dungeon.
You visited 1 branch of the dungeon, and saw 6 of its levels.

You collected 293 gold pieces.
You spent 65 gold pieces at shops.


   Skills:
 + Level 1.2 Fighting
 - Level 1.2 Short Blades
 + Level 0.7 Throwing
 + Level 1.2 Armour
 + Level 2.9 Dodging
 + Level 3.1 Stealth
 + Level 5.1 Spellcasting
 * Level 5.4 Conjurations
 + Level 1.0 Summonings
 + Level 1.0 Translocations


You had 12 spell levels left.
You knew the following spells:

 Your Spells              Type           Power      Damage    Failure   Level
a - Magic Dart            Conj           100%       1d8       1%          1
b - Blink                 Tloc           18%        N/A       14%         2
c - Static Discharge      Conj/Air       16%        N/A       7%          2

Your spell library contained the following spells:

 Spells                   Type           Power      Damage    Failure   Level
 Slow                     Hex            20%        N/A       14%         1
 Call Imp                 Summ           9%         N/A       14%         2
 Conjure Flame            Conj/Fire      16%        6-21      14%         3
 Mephitic Cloud           Conj/Pois/Air  13%        N/A       21%         3
 Sublimation of Blood     Necr           5%         N/A       22%         2
 Wereblood                Tmut           5%         N/A       22%         2
 Call Canine Familiar     Summ           9%         N/A       28%         3
 Portal Projectile        Hex/Tloc       14%        N/A       34%         3
 Lightning Bolt           Conj/Air       8%         1d20      77%         5
 Leda's Liquefaction      Hex/Erth       2%         N/A       80%         4
 Manifold Assault         Tloc           9%         N/A       94%         5
 Storm Form               Tmut/Air       2%         N/A       100%        7
 Summon Hydra             Summ           4%         N/A       100%        7
 Maxwell's Capacitive Co  Air            2%         ∞         100%        8

Inventory:

Hand Weapons
 i - a +0 short sword {short}
   (You took it off a kobold on level 1 of the Dungeon)
 C - a +0 dagger of venom (weapon) {short}
   (You found it on level 5 of the Dungeon)
 D - a +0 vorpal flail {mace}
   (You took it off a gnoll on level 6 of the Dungeon)
Missiles
 d - 26 poisoned darts (quivered) {throwing}
 e - 3 throwing nets {=f!fthrowing}
 f - 185 stones {throwing}
 l - 5 atropa-tipped darts {throwing}
Armour
 b - a +0 robe
 c - a +0 hat (worn)
 g - a +0 scale mail
   (You found it on level 1 of the Dungeon)
 k - the +1 chain mail of Ru's Whim {rF- Str+4 SInv}
   (You found it on level 2 of the Dungeon)

   Str:       It affects your strength (+4).
   rF:        It makes you vulnerable to fire.
   SInv:      It lets you see invisible.
 m - a +0 leather armour (worn)
   (You found it on level 2 of the Dungeon)
 x - a +0 ring mail
   (You took it off an orc on level 4 of the Dungeon)
Magical Staves
 u - a staff of poison {!astaff}
   (You found it on level 4 of the Dungeon)
Jewellery
 a - the amulet "Ihatusm" (around neck) {Reflect Int+5 SH+5 Stlth+}
   (You found it on level 5 of the Dungeon)

   [amulet of reflection]

   It reflects blocked missile attacks.
   Int:       It affects your intelligence (+5).
   SH:        It affects your SH (+5).
   Stlth:     It makes you more stealthy.
 h - a +4 ring of evasion (left hand)
   (You found it on level 1 of the Dungeon)
 n - a ring of magical power
   (You found it on level 2 of the Dungeon)
 o - a ring of willpower
   (You found it on level 2 of the Dungeon)
 y - a +4 ring of slaying (right hand)
   (You found it on level 5 of the Dungeon)
 B - a ring of poison resistance
   (You found it on level 5 of the Dungeon)
Scrolls
 j - 4 scrolls of identify {unknown}
 q - a scroll of enchant armour {unknown}
 s - a scroll of noise {unknown}
 v - a scroll of amnesia {unknown}
 w - a scroll of fear {unknown}
Potions
 p - a potion of berserk rage {unknown}
 t - a potion of flight {unknown}
 z - a potion of mutation {unknown}
 A - 3 potions of curing {unknown}

Dungeon Overview and Level Annotations

Branches:
Dungeon (6/15)
 Temple: D:4-7

Altars:
Dithmenos
Fedhas
Gozag
Hepliaklqana

Shops:
D:1 (   D:3 *

Annotations:
D:6 Dowan, Duvessa

....#...#...g.#
..............#
..............#
....###.###...#
#.....###.###...#
.##.....##...##...###
..........._.)[...#..
........##T..##...'.
.......###@###...#
......###.###...#
###########............#
......................##
..>..........[#.......#
.....†).......#.......#
..............#.......#
..............#.......#
..............'.......#


You could see a troll (extremely poisoned).


Message History

A bullfrog skeleton is nearby!
A bullfrog skeleton is nearby!
You climb upwards.
There is a stone staircase leading down here.
You start resting. 😎 HP[+25]
Your hp is fully restored (54).
You climb downwards.
Level annotation: Dowan, Duvessa
There is a stone staircase leading up here.
You hit the bullfrog skeleton.
The bullfrog skeleton barely misses you.
You hit the bullfrog skeleton.
The bullfrog skeleton closely misses you.
You puncture the bullfrog skeleton! The bullfrog skeleton misses you.
The bullfrog skeleton barely misses you.
You hit the bullfrog skeleton. The gnoll barely misses you.
You block the bullfrog skeleton's attack.
You barely miss the bullfrog skeleton.
The bullfrog skeleton barely misses you.
The gnoll hits you from afar with a +0 spear! 😕 HP[-8]
You take 8 damage, and now have 46/54 hp.
The gnoll closely misses you.
You hit the gnoll.
The gnoll is poisoned.
The bullfrog skeleton misses you. The gnoll closely misses you.
The bullfrog skeleton completely misses you.
You hit the gnoll.
The gnoll looks as sick as possible!
The bullfrog skeleton misses you. The gnoll barely misses you.
You hit the gnoll.
The gnoll looks as sick as possible!
You block the bullfrog skeleton's attack.
The gnoll hits you with a +0 spear. 😕 HP[-3]
You take 3 damage, and now have 43/54 hp.
You hit the gnoll.
You kill the gnoll!
The bullfrog skeleton hits you. 😕 HP[-2]
You take 2 damage, and now have 41/54 hp.
You hit the bullfrog skeleton.
The bullfrog skeleton hits you. 😮 HP[-2]
You take 2 damage, and now have 39/54 hp.
You hit the bullfrog skeleton.
The bullfrog skeleton barely misses you. x2
You hit the bullfrog skeleton.
The bullfrog skeleton barely misses you.
You puncture the bullfrog skeleton!
You destroy the bullfrog skeleton!
Your Armour skill increases to level 1!
You start resting. 😎 HP[+15]
Your hp is fully restored (54).
The troll shouts!
You block the troll's attack. The troll claws you!
The troll misses you. 😕 HP[-12]
You take 12 damage, and now have 42/54 hp.
MASSIVE DAMAGE!! (PAUSE)
You hit the troll. You completely miss the troll. The troll bites you.
The troll closely misses you. The troll claws you. 😮 HP[-6]
You take 6 damage, and now have 36/54 hp.
You hit the troll. The troll barely misses you. The troll misses you.
The troll closely misses you.
You hit the troll.
The troll is poisoned.
The troll closely misses you. The troll completely misses you.
The troll misses you. 😮 HP[+1]
You hit the troll.
The troll looks as sick as possible!
You block the troll's attack. x2; The troll claws you. 😮 HP[-1]
You take 1 damage, and now have 36/54 hp.
You hit the troll.
The troll looks as sick as possible!
The troll barely misses you. The troll claws you!
You block the troll's attack. 😮 HP[-7]
You take 7 damage, and now have 29/54 hp.
You hit the troll but do no damage.
The troll looks as sick as possible!
The troll bites you!
* * * LOW HITPOINT WARNING * * *
The troll closely misses you. The troll misses you. 😨 HP[-10]
You take 10 damage, and now have 19/54 hp.
You hit the troll.
The troll looks as sick as possible!
The troll misses you. The troll claws you!
* * * LOW HITPOINT WARNING * * *
The troll misses you. 😱 HP[-7]
You take 7 damage, and now have 12/54 hp.
You feel much better. The troll bites you!
* * * LOW HITPOINT WARNING * * *
The troll claws you but does no damage. You block the troll's attack. 😨 HP[+9]
You regained 9 hp, and now have 21/54 hp.
You barely miss the troll. The troll bites you!
* * * LOW HITPOINT WARNING * * *
The troll completely misses you. The troll barely misses you. 😱 HP[-13]
You take 13 damage, and now have 8/54 hp.
MASSIVE DAMAGE!! (PAUSE)
You barely miss the troll. The troll bites you!
You die...

Skill      XL: |  1  2  3  4  5  6  7  8 |
---------------+-------------------------+-----
Short Blades   | 1 |  1.2
Spellcasting   | 4 5 |  5.1
Conjurations   | 3 4 5 |  5.4
Fighting       | 1 |  1.2
Stealth        | 3 |  3.1
Armour         | 1 |  1.2
Throwing       | |  0.7
Dodging        | |  2.9
Summonings     | |  1.0
Translocations | |  1.0

Action                   |  1- 3 |  4- 6 |  7- 9 || total
-------------------------+-------+-------+-------++-------
Melee: Dagger            |   102 |    17 |    35 ||   154
       Punch             |     1 |       |       ||     1
       Short sword       |       |    26 |    10 ||    36
Throw: Dart              |       |       |     9 ||     9
 Cast: Magic Dart        |    62 |   253 |    79 ||   394
       Static Discharge  |       |       |     8 ||     8
       Blink             |       |       |     3 ||     3
  Use: Potion            |       |       |     1 ||     1
 Stab: Sleeping          |     1 |       |     1 ||     2
Armor: Robe              |     5 |    18 |     3 ||    26
       Chain mail        |    18 |       |     2 ||    20
       Leather armour    |       |       |     1 ||     1
Dodge: Dodged            |    87 |   131 |    77 ||   295
Block: Other             |       |       |     9 ||     9

Levels and vault maps discovered:
D:1:      tarquinn_simple_flora_water_b, layout_basic, serial_shops,
          nicolae_shop_crystal, hellmonk_ecumenical_altar_leap_of_faith,
          dk_noncrumbling_4
D:2:      layout_loops_ring, kennysheep_generic_room_10
D:3:      layout_loops_ring, riverfiend_overflow_shadow_ancestor, serial_shops,
          shop, serial_bayou_lagoon_a
D:4:      layout_basic, kennysheep_another_room
D:5:      layout_loops_cross, serial_co_window_serial, co_window_paths_a,
          co_window_paths_a, co_window_paths_a, co_window_paths_b,
          co_window_cross_1, co_window_paths_a, co_window_paths_b,
          co_window_paths_b, co_window_paths_b, co_window_2corner,
          co_window_corner_b, co_window_corner_ca, co_window_broadway_c,
          co_window_corner_b, co_window_sun
D:6:      layout_gridville, nicolae_gozag_seed_capital,
          nicolae_overflow_crystal_walls, general_overflow_altar,
          ebering_ghost_rock_garden, uniq_maggie, uniq_duvessa

Notes
Turn   | Place    | Note
-------+----------+-------------------------------------------
     0 | D:1      | mortz the Human Hedge Wizard began the quest for the Orb.
     0 | D:1      | Reached XP level 1. HP: 13/13 MP: 4/4
     0 | D:1      | magus.rc [v1.9.6]
    17 | D:1      | Found Imeaw's Weapon Boutique.
   340 | D:1      | Reached XP level 2. HP: 19/19 MP: 0/6
   490 | D:1      | Found a faded altar of an unknown god.
   646 | D:1      | Learned a level 2 spell: Blink
   976 | D:1      | You pick up a book of Blood and begin reading...
   976 | D:1      | You add the spells Sublimation of Blood, Wereblood and
                  | Summon Hydra to your library.
  1223 | D:2      | Reached XP level 3. HP: 24/24 MP: 8/8
  1345 | D:2      | Identified the +1 chain mail of Ru's Whim {rF- Str+4 SInv}
  2002 | D:1      | Reached skill level 1 in Short Blades
  2002 | D:1      | Reached XP level 4. HP: 24/30 MP: 9/9
  2435 | D:2      | Reached skill level 4 in Spellcasting
  3158 | D:2      | Reached XP level 5. HP: 16/35 MP: 11/11
  3436 | D:3      | Reached skill level 2 in Conjurations
  3478 | D:3      | HP: 6/35 [gnoll/+0 flail (10)]
  4263 | D:3      | Found Feitiox's General Store.
  4269 | D:3      | Bought a potion of heal wounds for 65 gold pieces
  4508 | D:3      | You add the spells Manifold Assault and Storm Form to your
                  | library.
  4569 | D:3      | Noticed a shadow
  4570 | D:3      | Found a shadowy altar of Dithmenos.
  4571 | D:3      | Found a hazy altar of Hepliaklqana.
  4847 | D:4      | You pick up a book of the Hunter and begin reading...
  4847 | D:4      | You add the spells Call Canine Familiar, Portal Projectile
                  | and Leda's Liquefaction to your library.
  5073 | D:4      | Reached skill level 3 in Conjurations
  5075 | D:4      | Reached XP level 6. HP: 37/41 MP: 12/12
  5842 | D:4      | You pick up a book of Lightning and begin reading...
  5842 | D:4      | You add the spells Static Discharge, Lightning Bolt and
                  | Maxwell's Capacitive Coupling to your library.
  5846 | D:4      | Learned a level 2 spell: Static Discharge
  6020 | D:4      | HP: 10/42 [iguana (13)]
  6031 | D:5      | Entered Level 5 of the Dungeon
  6350 | D:4      | Reached skill level 4 in Conjurations
  6845 | D:5      | Reached XP level 7. HP: 47/47 MP: 13/13
  7017 | D:5      | Reached skill level 1 in Fighting
  8265 | D:6      | Found a blossoming altar of Fedhas.
  8389 | D:6      | Reached skill level 3 in Stealth
  8389 | D:6      | Reached skill level 5 in Spellcasting
  8389 | D:6      | Reached skill level 5 in Conjurations
  8575 | D:6      | Found an opulent altar of Gozag.
  8577 | D:6      | Noticed Duvessa
  8577 | D:6      | Noticed Dowan
  8603 | D:6      | Noticed a troll
  9103 | D:5      | Identified the amulet "Ihatusm" {Reflect Int+5 SH+5 Stlth+}
  9204 | D:5      | Reached XP level 8. HP: 54/54 MP: 15/15
  9492 | D:6      | Reached skill level 1 in Armour
  9602 | D:6      | HP: 12/54 [troll (7)]
  9605 | D:6      | Slain by a troll

Vanquished Creatures
  A necrophage (D:6)
  An ogre (D:5)
  A bullfrog zombie (D:5)
  A hound (D:4)
  2 orc priests
  A bullfrog skeleton (D:6)
  A centaur skeleton (D:4)
  2 iguanas (D:5)
  An orc wizard (D:6)
  A scorpion zombie (D:5)
  A killer bee zombie (D:5)
  2 hound skeletons (D:4)
  7 adders
  10 gnolls
  A shadow imp (D:5)
  An ufetubus (D:5)
  An adder skeleton (D:5)
  3 worms
  A dart slug (D:5)
  9 orcs
  2 endoplasms
  A giant cockroach (D:1)
  9 goblins
  6 hobgoblins
  8 jackals
  6 quokkas
  7 ball pythons
  3 bats
  3 frilled lizards
  7 kobolds
  4 rats
104 creatures vanquished.

Vanquished Creatures (others)
  27 plants (D:3)
27 creatures vanquished.

Grand Total: 131 creatures vanquished

Table legend:
 A = Non-vault XP
 B = Vault XP
 C = Vault XP percentage of total XP
 D = Non-vault monster count
 E = Vault monster count
 F = Vault count percentage of total count
                 A         B        C        D         E       F
            +---------+---------+-------+---------+---------+-------
      Total |    1108 |       0 |   0.0 |     104 |       0 |   0.0
            +---------+---------+-------+---------+---------+-------
        D:1 |      40 |       0 |   0.0 |      19 |       0 |   0.0
        D:2 |      87 |       0 |   0.0 |      25 |       0 |   0.0
        D:3 |      79 |       0 |   0.0 |      17 |       0 |   0.0
        D:4 |     246 |       0 |   0.0 |      21 |       0 |   0.0
        D:5 |     364 |       0 |   0.0 |      13 |       0 |   0.0
        D:6 |     292 |       0 |   0.0 |       9 |       0 |   0.0
            +---------+---------+-------+---------+---------+-------

Illustrated notes

Table legend:
 A = Kills in this place as a percentage of kills in entire the game.
 B = Kills by you in this place as a percentage of kills by you in the entire game.
 C = Kills by friends in this place as a percentage of kills by friends in the entire game.
 D = Other kills in this place as a percentage of other kills in the entire game.
 E = Experience gained in this place as a percentage of experience gained in the entire game.
 F = Experience gained in this place divided by the number of levels of this place that you have seen.
                   A       B       C       D       E      F
               +-------+-------+-------+-------+-------+----------------------
         Total | 100.0 | 100.0 |   N/A |   N/A | 100.0 | 184.7
       Dungeon | 100.0 | 100.0 |   N/A |   N/A | 100.0 | 184.7
               +-------+-------+-------+-------+-------+----------------------

Table legend: (Time is in decaauts)
 A = Elapsed time spent in this place.
 B = Non-inter-level travel time spent in this place.
 C = Inter-level travel time spent in this place.
 D = Time resting spent in this place.
 E = Time spent auto-exploring this place.
 F = Levels seen in this place.
 G = Mean time per level.
                   A        B        C        D        E       F      G
               +--------+--------+--------+--------+--------+-----+--------+
         Total |   9611 |   9200 |    411 |   4280 |   3123 |   6 | 1601.8 |
       Dungeon |   9611 |   9200 |    411 |   4280 |   3123 |   6 | 1601.8 |
               +--------+--------+--------+--------+--------+-----+--------+

Top non-repeatable levels by time:
     D:5: 2273 daAuts
     D:2: 2178 daAuts
     D:4: 1912 daAuts
     D:1: 1331 daAuts
     D:3: 1218 daAuts
     D:6: 697 daAuts
